AoeStats
← MrKaos

Migration

510247332Analyzed
1v1 RM · 11h ago on Sep 30, 2026· 50m 7s· 2 players
Game mode
Random Map
Map size
132×132
Population
200
Speed
Normal
Resources
Standard
Victory
Conquest
Starting age
Dark Age
Ending age
Imperial Age
RankedLock teamsTeams togetherTeam positionsShared explorationLock speedFull tech treeHidden civsTurbo modeCheats
Victory
Defeat
🇺🇸 Varangians · United States
1036
+17
🇨🇳 Vikings · China
1067
-17
MrKaos
6:12 Loom
12:58 Feudal Age
13:57 Double-Bit Axe
15:33 Fishing Lines
18:08 Castle Age
17:19 Fletching
17:19 Horse Collar
17:22 Fishing Lines
19:13 Medium Warships
21:37 Bodkin Arrow
23:51 Padded Archer Armor
25:46 Wheelbarrow
30:30 Ballistics
37:01 Gold Mining
41:36 Imperial Age
39:36 Treadmill Crane
41:34 Scale Mail Armor
42:53 Conscription
43:01 Squires
43:17 Elite Skirmisher
45:58 Chemistry
45:12 Forging
45:23 Hand Cart
46:02 Crossbowman
46:51 Town Watch
49:56 Bow Saw
49:48 Heavy Plow
49:20 Pikeman
clh5699可乐
5:19 Loom
11:04 Feudal Age
12:26 Double-Bit Axe
17:44 Castle Age
16:43 Gold Mining
18:16 Forging
18:02 Fletching
18:42 Medium Warships
18:43 Bow Saw
19:01 Town Watch
21:22 Forging
21:13 Padded Archer Armor
24:51 Careening
24:52 Clinker Construction
25:02 Leather Archer Armor
26:26 Bodkin Arrow
34:59 Stone Mining
43:21 Imperial Age
42:53 Horse Collar
44:28 Gold Shaft Mining
44:43 Ring Archer Armor
46:00 Chemistry
45:55 Ballistics
45:20 Crossbowman
46:02 Bracer
47:46 Two-Man Saw
47:23 Heavy Warships
46:54 Arbalester
47:55 Elite Longship
48:52 Arrowslits
49:01 Elite Longship
Connection lost

Rejoining the realm…

Still unreachable

The connection could not be restored.

Session expired

The server has moved on; the page needs a fresh start.